AoeStats
← kolemy

Black Forest

504155334Analyzed
2v2 RM · 28d ago on Sep 4, 2026· 64m 26s· 4 players
Game mode
Random Map
Map size
Medium (4 player)
Population
200
Speed
Normal
Resources
Standard
Victory
Conquest
Starting age
Dark Age
Ending age
Imperial Age
RankedLock teamsTeams togetherTeam positionsShared explorationLock speedFull tech treeHidden civsTurbo modeCheats
Victory
Defeat
🇩🇪 Britons · Germany
654
+14
🇬🇹 Vietnamese · Guatemala
544
+20
🇺🇸 Japanese · United States
635
-18
🇳🇿 Romans · New Zealand
594
-16
KBeeZe333
13:19 Feudal Age
15:42 Wheelbarrow
15:51 Gold Mining
16:07 Horse Collar
17:49 Man-at-Arms
21:12 Double-Bit Axe
24:37 Forging
24:37 Scale Mail Armor
28:41 Castle Age
28:46 Stone Mining
29:45 Hand Cart
30:06 Squires
29:39 Long Swordsman
33:01 Bow Saw
33:07 Heavy Plow
35:41 Iron Casting
35:38 Chain Mail Armor
37:32 Gold Shaft Mining
42:42 Imperial Age
41:45 Scale Barding Armor
41:54 Bloodlines
41:45 Husbandry
43:14 Capped Ram
43:31 Legionary
45:00 Crop Rotation
45:07 Fortified Wall
45:21 Ballistics
44:58 Murder Holes
45:15 Masonry
46:42 Blast Furnace
46:24 Siege Engineers
47:12 Comitatenses
47:06 Siege Ram
48:35 Conscription
49:35 Architecture
55:54 Chain Barding Armor
60:09 Guilds
60:31 Coinage
61:47 Pikeman
TearsOfDisdain9
0:37 Loom
11:46 Feudal Age
12:12 Double-Bit Axe
12:11 Horse Collar
14:46 Gold Mining
14:47 Stone Mining
15:41 Wheelbarrow
22:41 Castle Age
25:41 Sanctity
26:29 Elite Skirmisher
27:16 Thumb Ring
27:54 Gold Shaft Mining
27:44 Yasama
32:38 Imperial Age
30:30 Fletching
30:40 Padded Archer Armor
31:44 Fortified Wall
31:15 Treadmill Crane
32:09 Leather Archer Armor
31:51 Bodkin Arrow
32:14 Squires
36:56 Bracer
38:54 Chemistry
38:02 Husbandry
38:18 Heavy Plow
38:38 Cavalier
40:37 Forging
44:06 Kataparuto
50:01 Bow Saw
49:59 Elite Samurai
58:35 Onager
Kafa1500
0:27 Loom
13:20 Feudal Age
14:54 Wheelbarrow
14:01 Horse Collar
14:18 Double-Bit Axe
14:30 Stone Mining
14:37 Gold Mining
25:38 Castle Age
26:35 Bow Saw
26:42 Hand Cart
26:30 Heavy Plow
27:07 Gold Shaft Mining
29:37 Crossbowman
31:42 Fortified Wall
31:23 Guard Tower
32:14 Caravan
34:40 Forging
34:31 Scale Mail Armor
34:21 Fletching
34:32 Padded Archer Armor
34:31 Murder Holes
34:57 Ballistics
36:06 Yeomen
38:29 Iron Casting
38:11 Leather Archer Armor
37:51 Bodkin Arrow
38:12 Chain Mail Armor
42:22 Imperial Age
43:06 Elite Longbowman
44:01 Warwolf
46:17 Blast Furnace
45:13 Capped Ram
47:09 Chemistry
46:00 Elite Skirmisher
47:08 Bracer
47:38 Ring Archer Armor
47:36 Heavy Scorpion
49:15 Arrowslits
49:23 Heated Shot
49:36 Imperial Skirmisher
52:37 Plate Mail Armor
51:56 Treadmill Crane
52:28 Masonry
55:49 Town Watch
56:49 Architecture
56:25 Siege Engineers
57:52 Town Patrol
59:56 Hoardings
kolemy
0:45 Loom
16:37 Feudal Age
17:41 Horse Collar
17:51 Double-Bit Axe
20:32 Wheelbarrow
19:46 Town Watch
23:39 Gold Mining
23:40 Stone Mining
26:54 Castle Age
27:19 Fletching
27:52 Man-at-Arms
29:42 Bow Saw
29:49 Caravan
31:24 Heavy Plow
34:03 Bodkin Arrow
33:53 Treadmill Crane
34:34 Ballistics
34:09 Murder Holes
34:25 Fortified Wall
33:39 Pikeman
34:21 Squires
33:46 Crossbowman
35:16 Hand Cart
37:32 Imperial Age
37:13 Town Patrol
37:34 Chatras
39:52 Chemistry
39:13 Bracer
43:02 Two-Man Saw
42:28 Paper Money
41:39 Elite Battle Elephant
41:40 Light Cavalry
42:30 Bloodlines
42:21 Husbandry
43:01 Crop Rotation
41:58 Arbalester
42:45 Thumb Ring
42:37 Guard Tower
62:16 Padded Archer Armor
62:16 Scale Mail Armor
62:22 Scale Barding Armor
Connection lost

Rejoining the realm…

Still unreachable

The connection could not be restored.

Session expired

The server has moved on; the page needs a fresh start.